 Dungeon Crawl Stone Soup version 0.32-a0-818-gb728d0252e (webtiles) character file.

Game seed: 18427243765306733923

4 AstroCodex24 the Trooper (level 1, -1/17 HPs)
             Began as a Vampire Fighter on Mar 23, 2024.
             Slain by an orc
             ... wielding a +0 hand axe
              (4 damage)
             ... on level 3 of the Dungeon.
             The game lasted 00:00:52 (201 turns).

AstroCodex24 the Trooper (Vampire Fighter)           Turns: 201, Time: 00:00:53

Health: -1/17      AC:  4    Str: 15    XL:     1   Next: 50%
Magic:  1/1        EV:  7    Int: 10    God:
Gold:   27         SH:  4    Dex: 13    Spells: 0/0 levels left

rFire   . . .        a - +0 war axe
rCold   . . .        c - +0 buckler
rNeg    . . .        b - +0 scale mail
rPois   .            (no helmet)
rElec   .            (no cloak)
rCorr   .            e - -3 pair of gloves
SInv    +            (no boots)
Will    .....        (no amulet) Stlth
                     (no ring)
HPRegen 0.42/turn    (no ring)
MPRegen 0.07/turn

%: no passive effects
@: healing quickly
A: alive, fangs 3, see invisible, vampiric 1
a: Exsanguinate, Convert to Beogh


You were on level 3 of the Dungeon.
You visited 1 branch of the dungeon, and saw 3 of its levels.

You collected 27 gold pieces.

Inventory:

Hand Weapons
 a - a +0 war axe (weapon)
Armour
 b - a +0 scale mail (worn)
 c - a +0 buckler (worn)
 e - a -3 pair of gloves (worn)
Scrolls
 f - a scroll of acquirement {unknown}
 g - a scroll of fear {unknown}
Potions
 d - a potion of might


   Skills:
 + Level 2.8 Fighting
 + Level 1.8 Axes
 + Level 2.5 Armour
 + Level 2.7 Shields


You couldn't memorise any spells.
You didn't know any spells.
Your spell library was empty.

Dungeon Overview and Level Annotations

Branches:
Dungeon (3/15)

Altars:

Shops:
D:2 ([


Innate Abilities, Weirdness & Mutations

Your natural rate of healing is accelerated.
You have razor-sharp teeth.
You have supernaturally acute eyesight. (SInv)
You are afflicted with vampirism.


Message History

You closely miss the bat. The bat hits you but does no damage.
The bat hits you. The bat hits you.
You miss the bat. You bite the bat.
You kill the bat!
You see here a bat corpse.
Found 13 gold pieces.
Found Bes Goun's Antique Weapon Shoppe.
There is a stone staircase leading down here.
f - a scroll labelled GETE WELLAUG You now have 27 gold pieces (gained 13).
Why would you want to do that?
There is a stone staircase leading down here.
You climb downwards.
Found a scroll labelled BIMUOD YHAE.
Found a stone staircase leading down.
There is a stone staircase leading up here.
g - a scroll labelled BIMUOD YHAE
Found 8 gold pieces.
There is a stone staircase leading down here.
A quokka comes into view.
The quokka closely misses you.
You hit the quokka.
You kill the quokka!
An orc comes into view. It is wielding a +0 hand axe.
The orc shouts!
An orc priest comes into view. It is wielding a +0 dagger.
An orc comes into view. It is wielding a +0 dagger.
The orc shouts!
You hit the orc but do no damage. The orc hits you with a +0 hand axe.
You closely miss the orc. The orc hits you with a +0 hand axe.
The orc barely misses you.
The orc priest mumbles some strange prayers to Beogh against you.
Beogh smites you!
Ouch! That really hurt!
* * * LOW HITPOINT WARNING * * *
The orc priest shouts, "Surrender to Beogh and we'll let you live!" (press Y on the ability menu to convert to Beogh)
The orc hits you but does no damage. The orc hits you with a +0 hand axe.
You die...

.........#
.........##### .
..........#...##.
..........#.....#
..........#.....#
..........#....o#
..........#.....#
..........#....o#####...
................@.......
...............o#####...
................#
########......# #......#
#......... #..........
#...........
#.#.........


You could see an orc priest and 2 orcs.

Vanquished Creatures
  A bat (D:2)
  An endoplasm (D:2)
  A quokka (D:3)
3 creatures vanquished.

Notes
Turn   | Place    | Note
-------+----------+-------------------------------------------
     0 | D:1      | AstroCodex24 the Vampire Fighter began the quest for the
                  | Orb.
     0 | D:1      | Reached XP level 1. HP: 17/17 MP: 1/1
    48 | D:2      | Found Eliteekea's Antique Armour Boutique.
   117 | D:2      | Found Bes Goun's Antique Weapon Shoppe.
   196 | D:3      | Noticed an orc priest
   201 | D:3      | Slain by an orc

Illustrated notes

Levels and vault maps discovered:
D:1:      heliophobic_arrival_glass_houses, layout_loops_ring,
          minmay_lizard_pond
D:2:      layout_rooms, serial_shops, nicolae_shop_hallway_stairs, shop,
          nicolae_lakefront_shop, nicolae_shop_scrapyard, shop
D:3:      cheibrodos_old_hovel, layout_basic,
          shapermc_ecumenical_altar_hornbeckon

Action                     || total
---------------------------++-------
  Melee: War axe           ||    11
         Bite              ||     1
 Armour: Scale mail        ||    15
  Dodge: Dodged            ||     7
  Block: Buckler           ||     2

Table legend: (Time is in decaauts)
 A = Elapsed time spent in this place.
 B = Non-inter-level travel time spent in this place.
 C = Inter-level travel time spent in this place.
 D = Time resting spent in this place.
 E = Time spent auto-exploring this place.
 F = Levels seen in this place.
 G = Mean time per level.
                   A        B        C        D        E       F      G
               +--------+--------+--------+--------+--------+-----+--------+
         Total |    205 |    205 |      0 |      0 |      0 |   3 |   68.3 |
       Dungeon |    205 |    205 |      0 |      0 |      0 |   3 |   68.3 |
               +--------+--------+--------+--------+--------+-----+--------+

Top non-repeatable levels by time:
     D:2: 102 daAuts
     D:3: 61 daAuts
     D:1: 42 daAuts
